 Dungeon Crawl Stone Soup version 0.15.2 (webtiles) character file.

388664 magipi the Slayer (level 23, -3/160 HPs)
             Began as a Tengu Berserker on June 25, 2015.
             Was a High Priest of Trog.
             Killed from afar by a deep elf sorcerer (7 damage)
             ... with a bolt of acid
             ... on Level 2 of the Depths on June 27, 2015.
             The game lasted 06:24:06 (61174 turns).

magipi the Slayer (Tengu Berserker)                Turns: 61174, Time: 06:24:06

HP  -3/160       AC 17     Str 18      XL: 23   Next: 35%
MP   0/12        EV  2     Int 10 (13) God: Trog [*****.]
Gold 2328        SH  0     Dex 19      Spells:  0 memorised, 22 levels left

rFire  + . .     SeeInvis +     a - +8 demon whip (antimagic)
rCold  + + .     Clarity  .     s - +2 mottled dragon armour
rNeg   + + +     rCorr    .     P - +0 shield {reflect}
rPois  +         rRot     +     e - +2 hat {rF+}
rElec  .         Spirit   +     u - +2 cloak
SustAb .         Warding  .     v - +2 pair of gloves
rMut   .         NoTele   +     (boots unavailable)
Gourm  .                        q - amulet of guardian spirit
MR     +++..                    c - ring "Vathaili" {rC+ rN+ Dex+2 Int-1}
                                i - ring of Sin {-Tele rC+ SInv}

@: petrified, corroded equipment, flying quickly and evasively, regenerating,
quick, extremely resistant to hostile enchantments, unstealthy
A: able to fly continuously, beak, talons 3, regeneration 1
a: Stop Flying, Burn Spellbooks, Berserk, Trog's Hand, Brothers in Arms,
Renounce Religion
}: 1/15 runes: serpentine


You were on level 2 of the Depths.
You worshipped Trog.
Trog was extremely pleased with you.
You were not hungry.

You visited 8 branches of the dungeon, and saw 44 of its levels.
You visited the Abyss 1 time.
You also visited: Labyrinth, Bailey, Ice Cave and Volcano.

You collected 4855 gold pieces.
You spent 2527 gold pieces at shops.

Inventory:

Hand weapons
 a - a +8 antimagic demon whip (weapon)
 b - a +1 blowgun
Missiles
 y - 129 poisoned needles
 I - 5 javelins of returning (quivered)
 K - 6 throwing nets
Armour
 e - a +2 hat of fire resistance (worn)
 s - a +2 mottled dragon armour (worn)
 u - a +2 cloak (worn)
 v - a +2 pair of gloves (worn)
 P - a +0 shield of reflection (worn)
Magical devices
 r - a wand of polymorph (7)
 x - a wand of fire (4)
 z - a wand of invisibility (1)
 A - a wand of digging (7)
 B - a wand of teleportation (4)
 L - a wand of lightning (0)
 Z - a wand of draining (3)
Comestibles
 d - a royal jelly
 l - 17 meat rations
 F - 17 bread rations
Scrolls
 m - 17 scrolls of teleportation
 w - a scroll of silence
 C - 7 scrolls of fog
 O - 3 scrolls of recharging
 Q - 11 scrolls of identify
 R - 13 scrolls of remove curse
 S - 5 scrolls of magic mapping
 V - 4 scrolls of blinking
 W - 4 scrolls of fear
Jewellery
 c - the ring "Vathaili" (right hand) {rC+ rN+ Dex+2 Int-1}
   (You bought it in a shop on level 4 of the Orcish Mines)

   [ring of dexterity]

   It affects your intelligence (-1).
   It affects your dexterity (+2).
   It protects you from cold.
   It protects you from negative energy.
 f - an uncursed ring of protection from fire
 i - the ring of Sin (left hand) {-Tele rC+ SInv}
   (You found it in a labyrinth)

   [ring of protection from cold]

   It protects you from cold.
   It enhances your eyesight.
   It prevents most forms of teleportation.
 k - an uncursed ring of teleportation
 p - an uncursed ring of poison resistance
 q - an amulet of guardian spirit (around neck)
 D - the ring of Hoydamoaf {MR+ Str+1 Int+1}
   (You found it in a labyrinth)

   [ring of protection from magic]

   It affects your strength (+1).
   It affects your intelligence (+1).
   It affects your resistance to hostile enchantments.
 J - an uncursed amulet of stasis
 T - an uncursed amulet of resist mutation
 X - the amulet "Qedduato" {Clar rElec rN+}
   (You bought it in a shop on level 4 of the Orcish Mines)

   [amulet of clarity]

   It provides mental clarity.
   It insulates you from electricity.
   It protects you from negative energy.
Potions
 g - 8 potions of resistance
 j - 12 potions of curing
 n - 8 potions of heal wounds
 t - 9 potions of restore abilities
 E - a potion of invisibility
 H - 4 potions of haste
 M - 4 potions of agility
 N - 5 potions of cancellation
 U - a potion of might


   Skills:
 - Level 21.0 Fighting
 - Level 16.4 Maces & Flails
 + Level 11.5 Throwing
 - Level 16.9 Armour
 - Level 17.0 Dodging
 - Level 3.1 Stealth
 - Level 16.0 Shields
 - Level 11.0 Evocations


You had 22 spell levels left.
You didn't know any spells.

Dungeon Overview and Level Annotations

Branches:
Dungeon (15/15)            Temple (1/1) D:6             Orc (4/4) D:11
    Elf (0/3) Orc:3          Lair (8/8) D:8           Swamp (5/5) Lair:5
  Snake (5/5) Lair:5        Slime (0/6) Lair:8       Vaults (4/5) D:14
  Crypt (0/3) Vaults:2     Depths (2/5) D:15

Altars:
Ashenzari
Cheibriados
Dithmenos
Elyvilon
Fedhas
Kikubaaqudgha
Makhleb
Nemelex Xobeh
Okawaru
Qazlal
Sif Muna
Trog
Vehumet
Xom
Yredelemnul
Zin
The Shining One
Jiyva

Shops:
D:5 }   Orc:4 %==:   Vaults:4 ?

Portals:
Hell: Depths:1
Pandemonium: Depths:1
Ziggurat: Depths:1

Annotations:
Orc:1 exclusion: orange crystal statue
Swamp:2 exclusion: Roxanne, Roxanne
Swamp:5 Lernaean hydra


Innate Abilities, Weirdness & Mutations

You can fly continuously.
You have a beak for a mouth.
You have claws for feet.
Your natural rate of healing is unusually fast.

Vault maps used:
D:1:      lightli_arrival_flooded_house
D:2:      hangedman_decor_clover_reticule
D:3:      uniq_natasha, uniq_crazy_yiuf_cottage, uniq_terence, uniq_sigmund
D:4:      overflow_temple_1_default, uniq_grinder, uniq_edmund
D:5:      lemuel_upstairs_altar, first_bread, serial_shops,
          nicolae_shop_crystal, grunt_ministairs_6,
          nicolae_tso_swordbearing_angel
D:6:      grunt_dithmenos_smoke, temple_hall, basic_altar, portal_sewer_entry_e,
          kennysheep_generic_room_8, uniq_eustachio, uniq_duvessa, uniq_pikel
D:7:      minitemple, serial_bayou_ford_a, corexii_corridor_pit,
          grunt_decor_arrowhead
D:8:      minmay_lair_entry_lava
D:9:      uniq_joseph
D:10:     grunt_ogre_cave
D:11:     orc_0_dummy, hangedman_abyss_or_decor_lesser_grid, okawaru_humans
D:12:     minmay_dotted_concentric_squares, minmay_radiant, uniq_nergalle,
          uniq_psyche
D:13:     enter_bailey_2
D:14:     minmay_statue_hallways, david_vaults_3, serial_park_square3,
          grunt_ministairs_2
D:15:     grunt_enter_depths_magical_seal, lemuel_coloured_pillars_altar,
          grunt_tough_drop
Temple:   circular_temple_12
Orc:1:    statue_in_the_mist_lemuel
Orc:2:    basic_altar
Orc:3:    nicolae_orc_pool_cavern, uniq_maurice, uniq_grum
Orc:4:    st_orc_rangers, uniq_erolcha
Lair:1:   lab_entry_generic, uniq_harold
Lair:2:   minivault_25
Lair:3:   minivault_19, uniq_erica, uniq_snorg
Lair:5:   swamp_mist, minmay_snake_entry_guardpost_small
Lair:6:   beast_lair_carwin_large_2
Lair:7:   minmay_lair_oklob_items, nicolae_volcano_entry_batcave,
          bobbens_dragon_lair_wall, infiniplex_staircase_pool
Lair:8:   hangedman_lair_in_review, slime_altar_1
Swamp:1:  hangedman_swamp_lotus
Swamp:2:  evilmike_swamp_ruin_rubble_1, infiniplex_staircase_pool_2,
          uniq_roxanne, uniq_jorgrun, uniq_kirke
Swamp:3:  evilmike_swamp_ruin_house_3, swamp_pool4, hangedman_swamp_cone
Swamp:4:  portal_ice_cave_entry_imps, evilmike_swamp_ruin_wall, swamp_pool1,
          st_swamp_ruins_4
Swamp:5:  grunt_swamp_rune_castle, swamp_pool3, uniq_donald
Snake:1:  serial_bayou_pond_a
Snake:2:  grunt_megastairs_2, uniq_azrael, uniq_saint_roka
Snake:3:  hangedman_snake_wide_pillar_pass, grunt_megastairs_3, uniq_aizul
Snake:4:  serial_bayou_shore_a, lemuel_fruit_tree
Snake:5:  snake_hunt, st_stairs_14
Vaults:1: vaults_mumra_chevron, ontoclasm_vaults_pinch, v_rooms_4,
          ontoclasm_vaults_ring_large, nicolae_vaults_arrows, v_misc_14,
          grunt_vaults_twisty, special_room_vaults, nicolae_vaults_theta,
          v_alt_pattern_2, nicolae_vaults_three_branches,
          hangedman_vaults_cutoff
Vaults:2: vaults_dpeg_encased_lava, minmay_crypt_entry_simple_box,
          ontoclasm_vaults_misaligned, v_misc_27, ontoclasm_vaults_eye,
          vaults_mumra_lcd, ontoclasm_vaults_claustrophobia,
          nicolae_vaults_an_arrangement, nicolae_vaults_diagonal_hallway_7,
          nicolae_vaults_asterisk, vaults_room_door_hall,
          nicolae_vaults_little_squares_4, nicolae_vaults_alarming, v_misc_9,
          serial_hangedman_research, hangedman_research_thermodynamics,
          hangedman_research_convocations, hangedman_research_toxicology
Vaults:3: dpeg_vaults_monster_box, v_misc_10, v_pattern_1,
          vaults_room_ringed_pool, vaults_room_semicircle, v_misc_19,
          nicolae_vaults_shelves_hall, nicolae_vaults_asterisk,
          vaults_mumra_hex, nicolae_vaults_little_squares_3, uniq_margery,
          uniq_norris
Vaults:4: hangedman_vaults_maws, nicolae_vaults_little_squares_5,
          nicolae_vaults_circle_grid_b, v_misc_17, vaults_mumra_hexcomb,
          hangedman_vaults_stretched_pinwheel, v_misc_1, nicolae_vaults_theta,
          v_pattern_5, hangedman_vaults_snaps, nicolae_vaults_border_crossing,
          serial_shops, nicolae_shop_behind_doors
Depths:1: enter_ziggurat_e, nemelex_xobeh_ov_fountains_minmay,
          rand_demon_pan_entry_3, grunt_hell_entry_dis_mu, dk_noncrumbling_4,
          hallowed_hall, firewood_loft
Depths:2: nicolae_legendary_halls, hellmouth_1, minmay_misc_feat_doors,
          serial_shops, nicolae_shop_behind_doors, kennysheep_diamond
Lab:      nicolae_lab_do_over, nicolae_lab_grate_2
Bailey:   bailey_axe_3, bailey
IceCv:    ice_cave_tombish
Volcano:  volcano_grotto


Message History

The ogre mage is lightly wounded.
You are engulfed in calcifying dust.
You are slowing down.
Unknown command.
The ice dragon breathes frost at you. The blast of cold hits you! You resist.
The ogre mage points at you and mumbles some strange words.
The bolt of cold hits you! You resist.
The ice dragon bites you but does no damage.
The ice dragon closely misses you.
The ice dragon tramples you but does no damage.
Your limbs are stiffening.
A stone giant comes into view.
Things that are here:
an uncursed arbalest; 13 poisoned bolts; a yaktaur corpse Read which item? (? for menu, Esc to quit)
You cannot teleport right now.
Unknown command.
The ice dragon bites you but does no damage.
The ice dragon claws you but does no damage.
The ice dragon tramples you but does no damage.
The stone giant throws a large rock.
The large rock closely misses you.
You have turned to stone.
The ice dragon bites you but does no damage.
The ice dragon claws you but does no damage.
The ice dragon tramples you.
You stumble backwards!
The deep elf sorcerer casts a spell.
The deep elf sorcerer seems to speed up.
The ice dragon bites you!
The ice dragon claws you but does no damage.
The ice dragon tramples you.
You stumble backwards!
The stone giant throws a large rock.
The large rock hits you!
The deep elf sorcerer mumbles some strange words.
The ice dragon bites you but does no damage.
The ice dragon claws you!
The ice dragon tramples you but does no damage.
The stone giant throws a large rock.
The large rock hits you!!!
The ogre mage gestures at you while chanting.
The bolt of cold hits the ice dragon.
The ice dragon resists.
Helpless, you fail to dodge the bolt of cold.
You resist. The ice dragon breathes frost at you.
Helpless, you fail to dodge the blast of cold.
You resist.
The stone giant throws a large rock.
The large rock hits you!!
* * * LOW HITPOINT WARNING * * *
A deep troll shaman comes into view.
The deep troll shaman calls upon its god to strengthen something.
The deep elf sorcerer mumbles some strange words.
The ice dragon bites you!
* * * LOW HITPOINT WARNING * * *
The ice dragon claws you!
* * * LOW HITPOINT WARNING * * *
The ice dragon tramples you but does no damage.
The stone giant throws a large rock.
The large rock hits you!
* * * LOW HITPOINT WARNING * * *
The ogre mage mumbles some strange words.
The ogre mage blinks!
The soul eater disappears in a puff of smoke!
The ice dragon bites you but does no damage.
The ice dragon claws you.
* * * LOW HITPOINT WARNING * * *
The ice dragon tramples you.
* * * LOW HITPOINT WARNING * * *
You hold your ground!
The ice dragon bites you!
* * * LOW HITPOINT WARNING * * *
The ice dragon claws you but does no damage.
The ice dragon tramples you.
You hold your ground!
The ogre mage hits you but does no damage.
You feel the effects of Trog's Hand fading.
The deep elf sorcerer hits you but does no damage.
The deep troll shaman calls upon its god to speed up something.
The ice dragon breathes frost at you. The blast of cold hits you! You resist.
* * * LOW HITPOINT WARNING * * *
The deep elf sorcerer gestures at you while chanting.
You resist with almost no effort.
The ogre mage hits you but does no damage.
The deep elf sorcerer casts a spell at you.
Helpless, you fail to dodge the bolt of acid.
* * * LOW HITPOINT WARNING * * *
The acid burns!
* * * LOW HITPOINT WARNING * * *
The ice dragon bites you!
* * * LOW HITPOINT WARNING * * *
The ice dragon claws you.
* * * LOW HITPOINT WARNING * * *
The ice dragon tramples you but does no damage.
The orange demon stings you from afar.
The ogre mage hits you but does no damage.
The deep elf sorcerer hits you but does no damage.
The neqoxec gestures at you.
Something tries to feed on your intellect!
The ice dragon bites you.
* * * LOW HITPOINT WARNING * * *
The ice dragon claws you but does no damage.
The ice dragon tramples you but does no damage.
The deep elf sorcerer casts a spell at you.
The bolt of acid hits you!
You die...

###..#......................
#....................§.....
=........................
#.......##................
##...........#..≈..##
#...).......###(Y3##
#...)[......##.4D##
........[..(.(4eD#
....[)..#..[.TCO@#
........#....T####
...........)(##
........≈.((## ........≈.T.#
.......§≈.>(# #
..........((####.#
.........#.......#
...>....#..!.....#


You could see a fire dragon, an ice dragon, a stone giant, a catoblepas, a deep
elf sorcerer, an ogre mage, a deep troll (wandering), an orange demon, a deep
troll shaman, a hellwing and a neqoxec.

Table legend:
 A = Kills in this place as a percentage of kills in entire the game.
 B = Kills by you in this place as a percentage of kills by you in the entire game.
 C = Kills by friends in this place as a percentage of kills by friends in the entire game.
 D = Other kills in this place as a percentage of other kills in the entire game.
 E = Experience gained in this place as a percentage of experience gained in the entire game.
 F = Experience gained in this place divided by the number of levels of this place that you have seen.
                   A       B       C       D       E      F
               +-------+-------+-------+-------+-------+----------------------
         Total | 100.0 | 100.0 | 100.0 | 100.0 | 100.0 | 14595.2
       Dungeon |  23.9 |  24.2 |   8.0 |   0.0 |  10.5 | 4985.6
  Orcish Mines |  11.9 |  12.1 |   0.0 |   0.0 |   1.9 | 3415.5
          Lair |  14.5 |  14.4 |  28.0 |   0.0 |   8.3 | 7456.5
         Swamp |   8.6 |   8.8 |   0.0 |   0.0 |   9.3 | 13287.4
     Snake Pit |  13.3 |  13.3 |   8.0 |  30.0 |  22.6 | 32318.2
        Vaults |  19.0 |  18.4 |  52.0 |  50.0 |  30.3 | 54161.5
        Depths |   6.0 |   6.0 |   4.0 |  20.0 |  14.5 | 51910.5
     Labyrinth |   0.1 |   0.1 |   0.0 |   0.0 |   0.2 | 1318.0
        Bailey |   0.7 |   0.8 |   0.0 |   0.0 |   0.1 | 886.0
      Ice Cave |   1.2 |   1.2 |   0.0 |   0.0 |   2.0 | 13946.0
       Volcano |   0.7 |   0.8 |   0.0 |   0.0 |   0.3 | 2424.0
               +-------+-------+-------+-------+-------+----------------------

Vanquished Creatures
  Saint Roka (Snake:2)
  Margery (Vaults:3)
  Norris (Vaults:3)
  A golden dragon (Depths:1)
  An Ice Fiend (IceCv)
  4 sphinxes
  2 liches (Depths:1)
  A thorn hunter (Swamp:5)
  Kirke (Swamp:2)
  2 azure jellies (Vaults:2)
  A shadow dragon (Depths:2)
  Donald (Swamp:5)
  3 frost giants (Depths:1)
  2 emperor scorpions
  19 greater nagas
  Aizul (Snake:3)
  3 fire giants (Depths:1)
  2 deep elf sorcerers (Vaults:3)
  10 vault wardens
  2 deep elf demonologists
  Jorgrun (Swamp:2)
  An ophan (Depths:1)
  5 stone giants
  A very ugly thing (Vaults:4)
  An apis (Depths:1)
  5 rakshasas
  A deep elf annihilator (Vaults:1)
  Azrael (Snake:2)
  A dire elephant (Depths:2)
  A vampire knight (Vaults:2)
  Snorg (Lair:3)
  An ettin (Depths:1)
  4 vault guards
  4 minotaurs
  13 ironheart preservers
  12 yaktaur captains
  3 great orbs of eyes
  7 fire dragons
  3 ice dragons
  Harold (Lair:1)
  17 naga warriors
  29 hydras
  3 shambling mangroves
  Erica (Lair:3)
  10 centaur warriors
  14 death yaks
  13 anacondas
  4 deep troll earth magi
  8 deep troll shamans
  6 alligators
  13 ogre magi
  5 tengu warriors
  12 naga sharpshooters
  Nergalle (D:12)
  2 fire crabs
  9 shock serpents
  2 iron trolls (Depths:1)
  2 shadow wraiths
  A fire crab (shapeshifter) (Vaults:2)
  3 unseen horrors
  2 giant orange brains
  4 salamander mystics
  7 ice devils (IceCv)
  4 hell knights (Vaults:3)
  A sea snake (shapeshifter) (D:15)
  4 deep elf knights
  The ghost of magipi the Nimble, an experienced TeFE of Makhleb (D:10)
  3 skeletal warriors
  11 swamp dragons
  4 sea snakes
  A spriggan druid (Swamp:4)
  Erolcha (Orc:4)
  25 deep trolls
  2 deep elf summoners
  13 ironbrand convokers
  2 lindwurms
  2 flayed ghosts (Vaults:2)
  6 ice statues
  7 deep elf conjurers
  9 naga ritualists
  Pikel (D:6)
  A death drake (Vaults:2)
  6 griffons
  30 ugly things
  24 orc knights
  11 mana vipers
  14 salamanders
  6 harpies
  2 necromancers
  13 hill giants
  5 wizards
  6 orc sorcerers
  5 wolf spiders
  4 manticores
  An oklob plant (Lair:7)
  A sixfirhy (Depths:1)
  9 cyclopes
  A small abomination (Vaults:2)
  2 worldbinders (Vaults:2)
  7 elephants
  Maurice (Orc:3)
  18 spiny frogs
  3 red wasps
  Joseph (D:9)
  14 vault sentinels
  38 black mambas
  3 gargoyles
  An orange demon (Depths:1)
  29 naga magi
  15 guardian serpents
  A torpor snail (Depths:1)
  3 centaur skeletons
  Psyche (D:12)
  4 fire drakes
  2 komodo dragons (shapeshifter)
  13 komodo dragons
  A fire drake (shapeshifter) (Vaults:4)
  4 anaconda simulacra
  38 yaktaurs
  A hellwing (Depths:1)
  A hell beast (Depths:1)
  2 deep elf priests (Vaults:1)
  An elf (shapeshifter) (Vaults:1)
  17 two-headed ogres
  Grinder (D:4)
  4 freezing wraiths
  2 jumping spiders (Lair:7)
  8 trolls
  4 blue devils (IceCv)
  2 golden dragon simulacra (IceCv)
  29 slime creatures
  A harpy skeleton (D:15)
  6 giant leeches
  27 blink frogs
  16 ravens
  A hydra skeleton (D:15)
  3 boulder beetles
  A human simulacrum (Vaults:3)
  A blink frog (shapeshifter) (Vaults:4)
  3 baby alligators (Swamp:4)
  6 bog bodies
  A minotaur skeleton (Lab)
  5 basilisks
  A basilisk (shapeshifter) (Vaults:4)
  18 humans
  A snapping turtle (shapeshifter) (Vaults:1)
  5 deep elf magi
  A redback (shapeshifter) (Vaults:1)
  2 trapdoor spiders (Vaults:2)
  2 vampires
  2 tarantellas (Vaults:2)
  3 redbacks (Lair:7)
  A dire elephant simulacrum (IceCv)
  3 shadows (D:12)
  A hog (shapeshifter) (Depths:1)
  15 vampire mosquitoes
  4 hungry ghosts
  A spriggan (shapeshifter) (D:14)
  Eustachio (D:6)
  5 spriggans
  3 wyverns
  16 hippogriffs
  A hippogriff (shapeshifter) (Vaults:1)
  2 wraiths
  9 fire bats
  2 fire elementals (Snake:2)
  Grum (Orc:3)
  33 yaks
  4 hogs (Swamp:2)
  A neqoxec (Depths:1)
  2 steam dragons
  5 wargs
  3 harpy simulacra (IceCv)
  A hill giant skeleton (D:14)
  65 nagas
  27 swamp worms
  12 deep elf fighters
  Edmund (D:4)
  An ogre zombie (D:13)
  An iron troll simulacrum (IceCv)
  9 porcupines
  6 human zombies
  30 water moccasins
  3 mottled dragons
  6 hell hounds
  57 orc warriors
  2 black mamba simulacra (Vaults:2)
  A soldier ant (D:14)
  A hydra simulacrum (D:12)
  3 ice beasts
  15 wolves
  An ettin simulacrum (IceCv)
  4 sky beasts
  9 swamp drakes
  3 yellow wasps
  A dwarf (shapeshifter) (Depths:1)
  55 ogres
  2 boring beetles
  A slave (D:6)
  4 phantoms
  A fire dragon simulacrum (Vaults:2)
  17 centaurs
  2 black bears
  2 boggarts (Vaults:2)
  10 crocodiles
  2 necrophages
  Sigmund (D:3)
  Duvessa (D:6)
  2 big kobolds
  16 giant frogs
  A gnoll sergeant (D:11)
  A cyclops zombie (D:15)
  23 insubstantial wisps
  3 eyes of draining
  3 scorpions
  A boulder beetle zombie (D:15)
  17 wights
  21 killer bees
  13 hounds
  6 lava snakes (Volcano)
  Dowan (D:6)
  10 crimson imps
  4 goliath beetles
  A gnoll shaman (Orc:4)
  6 jellies
  A quasit (D:10)
  A giant frog skeleton (D:4)
  Crazy Yiuf (D:3)
  30 orc priests
  Natasha (twice) (D:3)
  33 orc wizards
  7 iguanas
  4 orange rats (Lair:4)
  A mottled dragon zombie (D:11)
  22 sheep
  12 worker ants
  A troll simulacrum (Vaults:2)
  A big kobold zombie (D:9)
  Terence (D:3)
  22 gnolls
  2 worker ant zombies
  67 green rats
  A scorpion zombie (D:8)
  2 shadow imps
  24 adders
  A naga simulacrum (Vaults:2)
  4 worms
  A giant mite (D:3)
  12 white imps (Swamp:4)
  An adder skeleton (D:4)
  An iguana skeleton (D:6)
  An ooze (D:4)
  225 orcs
  A bat zombie (D:5)
  2 giant cockroaches
  21 goblins
  18 hobgoblins
  14 jackals
  18 bats
  5 giant geckos
  4 giant newts
  A goblin zombie (Orc:4)
  A hobgoblin skeleton (D:5)
  A jackal skeleton (D:8)
  30 kobolds
  5 orc zombies
  10 quokkas
  15 rats
  9 ballistomycetes
  A plant (Lair:7)
2143 creatures vanquished.

Vanquished Creatures (collateral kills)
  A pearl dragon (Depths:1)
  2 greater nagas (Snake:5)
  A deep elf sorcerer (Vaults:1)
  A deep elf demonologist (Vaults:3)
  A deep elf annihilator (Vaults:3)
  An ironheart preserver (Vaults:3)
  A death yak (Lair:6)
  A tengu warrior (D:15)
  A tengu zombie (Vaults:3)
  A small abomination (Vaults:1)
  A deep elf conjurer (Vaults:1)
  A frost giant skeleton (Vaults:3)
  2 yaktaurs (Vaults:1)
  A komodo dragon (Lair:3)
  A raven (D:15)
  4 yaks (Lair:3)
  A deep elf fighter (Vaults:1)
  An ice beast (Vaults:1)
  A human simulacrum (Vaults:3)
  An elf skeleton (Vaults:3)
  A quokka (Lair:3)
26 creatures vanquished.

Vanquished Creatures (others)
  A lich (Depths:2)
  A yaktaur captain (Vaults:4)
  A naga sharpshooter (Snake:5)
  2 hill giants
  A necromancer (Vaults:3)
  2 guardian serpents (Snake:5)
  A yaktaur (Vaults:3)
  2 two-headed ogres
  A human (Swamp:2)
  A swamp worm (Swamp:2)
  A deep elf fighter (Vaults:2)
  4 ogres
  A naga simulacrum (Vaults:2)
  An orc (Vaults:4)
  2 giant spores
  A ballistomycete (D:11)
  A bush (Lair:4)
  7 fungi
  4 plants
35 creatures vanquished.

Grand Total: 2204 creatures vanquished

Notes
Turn   | Place    | Note
--------------------------------------------------------------
     0 | D:1      | magipi, the Tengu Berserker, began the quest for the Orb.
     0 | D:1      | Reached XP level 1. HP: 14/14 MP: 1/1
   246 | D:1      | Reached XP level 2. HP: 6/19 MP: 3/3
   468 | D:1      | Reached skill level 4 in Maces & Flails
   894 | D:2      | Acquired Trog's second power
  1074 | D:2      | Reached XP level 3. HP: 23/23 MP: 4/4
  1467 | D:3      | Reached skill level 5 in Maces & Flails
  1703 | D:3      | Reached XP level 4. HP: 23/28 MP: 5/5
  1946 | D:3      | Noticed Natasha
  2114 | D:3      | Killed Natasha
  2114 | D:3      | Reached skill level 6 in Maces & Flails
  2129 | D:3      | Reached XP level 5. HP: 32/32 MP: 7/7
  2164 | D:3      | Noticed Terence
  2180 | D:3      | Killed Terence
  2507 | D:3      | Noticed Sigmund
  2518 | D:3      | Killed Sigmund
  2518 | D:3      | Reached skill level 7 in Maces & Flails
  2536 | D:3      | Noticed Natasha
  2549 | D:3      | Killed Natasha
  2549 | D:3      | Reached XP level 6. HP: 23/37 MP: 8/8
  2854 | D:3      | Noticed an ogre
  2859 | D:3      | Killed an ogre
  2859 | D:3      | Reached skill level 8 in Maces & Flails
  3006 | D:3      | Noticed Crazy Yiuf
  3016 | D:3      | Paralysed by Crazy Yiuf for 3 turns
  3022 | D:3      | Killed Crazy Yiuf
  3379 | D:4      | Noticed Edmund
  3392 | D:4      | Killed Edmund
  3392 | D:4      | Reached XP level 7. HP: 41/41 MP: 9/9
  3470 | D:4      | Noticed Grinder
  3570 | D:4      | Reached skill level 9 in Maces & Flails
  3677 | D:4      | Paralysed by Grinder for 5 turns
  3695 | D:4      | Paralysed by Grinder for 3 turns
  3701 | D:4      | Killed Grinder
  3808 | D:4      | Acquired Trog's third power
  3808 | D:4      | Reached skill level 10 in Maces & Flails
  4156 | D:4      | Found a blossoming altar of Fedhas.
  4218 | D:4      | Reached XP level 8. HP: 46/46 MP: 11/11
  4263 | D:5      | Entered Level 5 of the Dungeon
  4406 | D:5      | Found Mioxkoaf's Gadget Boutique.
  4615 | D:5      | Noticed a troll
  4619 | D:5      | Killed a troll
  4619 | D:5      | Reached skill level 11 in Maces & Flails
  5098 | D:5      | Found a glowing golden altar of the Shining One.
  5127 | D:5      | Reached skill level 12 in Maces & Flails
  5422 | D:5      | Reached XP level 9. HP: 45/50 MP: 12/12
  5616 | D:6      | Found a shadowy altar of Dithmenos.
  5617 | D:6      | Noticed Dowan
  5645 | D:6      | Killed Dowan
  5650 | D:6      | Noticed Eustachio
  5669 | D:6      | Killed Eustachio
  5683 | D:6      | Found a burning altar of Makhleb.
  5710 | D:6      | Noticed Duvessa
  6076 | D:5      | Found a white marble altar of Elyvilon.
  6149 | D:6      | Killed Duvessa
  6150 | D:6      | Noticed Pikel
  6206 | D:6      | Killed Pikel
  6206 | D:6      | Reached skill level 5 in Armour
  6206 | D:6      | Reached skill level 5 in Dodging
  6565 | D:6      | Found a staircase to the Ecumenical Temple.
  6575 | Temple   | Entered the Ecumenical Temple
  6849 | D:7      | Found an iron altar of Okawaru.
  6850 | D:7      | Found a burning altar of Makhleb.
  6854 | D:7      | Found a basalt altar of Yredelemnul.
  7214 | D:8      | Reached XP level 10. HP: 54/56 MP: 13/13
  7688 | D:8      | Found a staircase to the Lair.
  7688 | D:8      | Noticed a fire drake
  7712 | D:8      | Killed a fire drake
  8239 | D:9      | Noticed Joseph
  8262 | D:9      | Killed Joseph
  8369 | D:9      | Received a gift from Trog
  8832 | D:10     | Entered Level 10 of the Dungeon
  8979 | D:10     | Noticed a hill giant
  8986 | D:10     | Killed a hill giant
  9030 | D:10     | Received a gift from Trog
  9424 | D:10     | Reached XP level 11. HP: 60/60 MP: 15/15
  9458 | D:10     | Noticed magipi's ghost (experienced TeFE)
  9473 | D:10     | Killed magipi's ghost
  9473 | D:10     | Reached skill level 5 in Fighting
  9977 | D:11     | Noticed a hill giant
  9994 | D:11     | Killed a hill giant
 10001 | D:11     | Found a staircase to the Orcish Mines.
 10237 | D:11     | Noticed a seven-headed hydra
 10372 | D:11     | Found an iron altar of Okawaru.
 10625 | D:11     | Killed a seven-headed hydra
 10633 | D:11     | Received a gift from Trog
 10636 | D:11     | Got a pitted great mace {god gift}
 10637 | D:11     | Identified the +6 great mace of the Reaper {flame, rC+} (Trog gifted it to you on level 11 of the Dungeon)
 10922 | D:12     | Noticed a seven-headed hydra
 11128 | Lair:1   | Entered Level 1 of the Lair of Beasts
 11205 | Lair:1   | Found a labyrinth entrance.
 11212 | Lab      | Entered a labyrinth
 13031 | Lab      | Noticed a minotaur
 13037 | Lab      | Killed a minotaur
 13047 | Lab      | Got a heavily runed marble ring
 13047 | Lab      | Got a transparent copper ring
 13317 | Lair:1   | Noticed Harold
 13337 | Lair:1   | Killed Harold
 13337 | Lair:1   | Reached skill level 10 in Fighting
 13679 | Lair:2   | Identified a scroll of acquirement
 13682 | Lair:2   | Got a jewelled cloak
 13693 | Lair:2   | Identified the -1 cloak of a Hundred Lies {Str+5 Int+4} (You acquired it on level 2 of the Lair of Beasts)
 13885 | Lair:2   | Noticed an eight-headed hydra
 13890 | Lair:2   | Killed an eight-headed hydra
 13890 | Lair:2   | Reached XP level 12. HP: 75/79 MP: 16/16
 14809 | Lair:2   | Identified the ring of Sin {-Tele rC+ SInv} (You found it in a labyrinth)
 14811 | Lair:2   | Identified the ring of Hoydamoaf {MR+ Str+1 Int+1} (You found it in a labyrinth)
 15445 | Lair:3   | Noticed Snorg
 15450 | Lair:3   | Killed Snorg
 15831 | Lair:3   | Noticed a six-headed hydra
 15834 | Lair:3   | Noticed an eight-headed hydra
 15835 | Lair:3   | Killed a six-headed hydra
 15837 | Lair:3   | Killed an eight-headed hydra
 15837 | Lair:3   | Reached skill level 13 in Fighting
 15930 | Lair:3   | Noticed Erica
 15932 | Lair:3   | Killed Erica
 16265 | Lair:4   | Noticed an eight-headed hydra
 16270 | Lair:4   | Killed an eight-headed hydra
 16623 | Lair:4   | Reached XP level 13. HP: 65/89 MP: 17/17
 17204 | Lair:5   | Found a staircase to the Snake Pit.
 17233 | Lair:5   | Found a staircase to the Swamp.
 18337 | Lair:6   | Received a gift from Trog
 18769 | Lair:6   | Reached skill level 14 in Maces & Flails
 19579 | Lair:7   | Reached skill level 15 in Maces & Flails
 19604 | Lair:7   | Found a dark tunnel.
 19620 | Volcano  | Entered a volcano
 19977 | Volcano  | Found a bloodstained altar of Trog.
 20515 | Lair:7   | Reached skill level 16 in Maces & Flails
 20523 | Lair:7   | Reached XP level 14. HP: 80/95 MP: 18/18
 20968 | Lair:7   | Received a gift from Trog
 20971 | Lair:7   | Got an encrusted dire flail {god gift}
 20972 | Lair:7   | Identified the +9 dire flail of Impatience {flame, rElec rN+ Stlth+} (Trog gifted it to you on level 7 of the Lair of Beasts)
 21243 | Lair:8   | Entered Level 8 of the Lair of Beasts
 21353 | Lair:8   | Reached skill level 1 in Evocations
 21357 | Lair:8   | Reached skill level 1 in Stealth
 21595 | Lair:8   | Received a gift from Trog
 21766 | Lair:8   | Found a viscous altar of Jiyva.
 21767 | Lair:8   | Found a staircase to the Slime Pits.
 22228 | Lair:8   | Reached skill level 5 in Evocations
 22402 | Lair:8   | Reached XP level 15. HP: 83/100 MP: 26/26
 22516 | Lair:8   | Received a gift from Trog
 22978 | Lair:8   | Identified the Tome of Enchanting Calling (You found it on level 8 of the Lair of Beasts)
 23332 | Orc:1    | Entered Level 1 of the Orcish Mines
 23487 | Orc:1    | Received a gift from Trog
 24225 | Orc:2    | Received a gift from Trog
 24952 | Orc:4    | Entered Level 4 of the Orcish Mines
 25053 | Orc:4    | Noticed Erolcha
 25216 | Orc:3    | Noticed Grum
 25232 | Orc:3    | Killed Grum
 25304 | Orc:3    | Received a gift from Trog
 25596 | Orc:3    | Found a staircase to the Elven Halls.
 25606 | Orc:3    | Noticed Maurice
 25676 | Orc:3    | Killed Maurice
 25676 | Orc:3    | Reached skill level 10 in Evocations
 26029 | Orc:4    | Received a gift from Trog
 26073 | Orc:4    | Killed Erolcha
 26637 | Orc:4    | Found Ixkas' Jewellery Shoppe.
 26637 | Orc:4    | Found Yjuton's Jewellery Shop.
 26757 | Orc:4    | Found Cabim's Food Boutique.
 26759 | Orc:4    | Found Pnidgh's Book Emporium.
 26765 | Orc:4    | Bought a cursed -2 ring of dexterity for 24 gold pieces
 26769 | Orc:4    | Bought the ring "Vathaili" {rC+ rN+ Dex+2 Int-1} for 424 gold pieces
 26769 | Orc:4    | Bought a cursed amulet of inaccuracy for 36 gold pieces
 26769 | Orc:4    | Bought a cursed ring of loudness for 81 gold pieces
 26769 | Orc:4    | Bought the amulet "Qedduato" {Clar rElec rN+} for 687 gold pieces
 26781 | Orc:4    | Bought an uncursed ring of poison resistance for 360 gold pieces
 27004 | Orc:4    | Received a gift from Trog
 27372 | D:12     | Noticed a tengu warrior
 27388 | D:12     | Killed a tengu warrior
 27489 | D:12     | Reached XP level 16. HP: 80/105 MP: 31/31
 27550 | D:12     | Reached skill level 10 in Dodging
 27560 | D:12     | Noticed Nergalle
 27569 | D:12     | Noticed an unseen horror
 27575 | D:12     | Killed an unseen horror
 27575 | D:12     | Reached skill level 10 in Armour
 27586 | D:12     | Killed Nergalle
 27743 | D:12     | Noticed a hill giant
 27755 | D:12     | Killed a hill giant
 27929 | D:12     | Killed a seven-headed hydra
 27958 | D:12     | Noticed a hill giant
 27974 | D:12     | Killed a hill giant
 28192 | D:12     | Noticed an unseen horror
 28197 | D:12     | Killed an unseen horror
 28255 | D:12     | Noticed Psyche
 28259 | D:12     | Noticed a hill giant
 28268 | D:12     | Killed a hill giant
 28268 | D:12     | Received a gift from Trog
 28273 | D:12     | Killed Psyche
 28486 | D:12     | Noticed an orc knight
 28497 | D:12     | Killed an orc knight
 29094 | D:13     | Found a flagged portal.
 29101 | Bailey   | Entered a bailey
 29172 | Bailey   | Found an iron altar of Okawaru.
 29299 | Bailey   | Received a gift from Trog
 29332 | D:13     | Noticed a hill giant
 29344 | D:13     | Killed a hill giant
 29794 | D:14     | Found a gate to the Vaults.
 30518 | D:14     | Received a gift from Trog
 31026 | D:15     | Entered Level 15 of the Dungeon
 31627 | D:15     | Received a gift from Trog
 31873 | D:15     | Found a sparkling altar of Nemelex Xobeh.
 32047 | D:15     | Reached XP level 17. HP: 110/110 MP: 32/32
 32069 | D:15     | Found a staircase to the Depths.
 32542 | Swamp:1  | Entered Level 1 of the Swamp
 33380 | Swamp:1  | Gained mutation: Your natural rate of healing is unusually fast. [potion of beneficial mutation]
 33790 | Swamp:2  | Noticed Kirke
 33791 | Swamp:2  | Noticed Jorgrun
 33840 | Swamp:2  | Killed Kirke
 34158 | Swamp:2  | Killed Jorgrun
 34185 | Swamp:2  | Noticed Roxanne
 34398 | Swamp:2  | Received a gift from Trog
 35253 | Swamp:4  | Found a frozen archway.
 35289 | IceCv    | Entered an ice cave
 35337 | IceCv    | Reached skill level 15 in Fighting
 35438 | IceCv    | Noticed an Ice Fiend
 35460 | IceCv    | Killed an Ice Fiend
 35641 | IceCv    | Got a brightly glowing chain mail
 35652 | IceCv    | Identified the +1 chain mail of Purpose {rC++ Str+1} (You found it in an ice cave)
 36054 | Swamp:4  | Received a gift from Trog
 36394 | Swamp:4  | Reached XP level 18. HP: 100/120 MP: 32/32
 36969 | Swamp:5  | Entered Level 5 of the Swamp
 37124 | Swamp:5  | Noticed Donald
 37144 | Swamp:5  | Killed Donald
 37240 | Swamp:5  | Received a gift from Trog
 37632 | Swamp:5  | Noticed the 27-headed Lernaean hydra
 37662 | Swamp:5  | Received a gift from Trog
 37968 | Snake:1  | Entered Level 1 of the Snake Pit
 38764 | Snake:2  | Reached skill level 10 in Shields
 39029 | Snake:2  | Noticed Saint Roka
 39546 | Snake:2  | Noticed Azrael
 39563 | Snake:2  | Killed Azrael
 39886 | Snake:3  | Received a gift from Trog
 40586 | Snake:3  | Noticed Aizul
 40617 | Snake:3  | Killed Aizul
 41165 | Snake:4  | Reached XP level 19. HP: 79/127 MP: 28/33
 41298 | Snake:4  | Received a gift from Trog
 43186 | Snake:5  | Entered Level 5 of the Snake Pit
 43234 | Snake:5  | Received a gift from Trog
 44889 | Snake:5  | Reached skill level 15 in Shields
 45815 | Snake:5  | Received a gift from Trog
 46777 | Snake:5  | Reached skill level 17 in Fighting
 46899 | Snake:5  | Reached XP level 20. HP: 134/134 MP: 11/34
 46909 | Snake:5  | Received a gift from Trog
 47683 | Snake:5  | Got a serpentine rune of Zot
 47834 | Snake:2  | Killed Saint Roka
 47834 | Snake:2  | Reached skill level 18 in Fighting
 47835 | Snake:2  | Paralysed by an orc sorcerer for 5 turns
 48580 | Vaults:1 | Entered Level 1 of the Vaults
 48716 | Vaults:1 | Received a gift from Trog
 48974 | Vaults:1 | Cast into the Abyss (deep elf demonologist)
 48997 | Vaults:1 | Escaped the Abyss
 49176 | Vaults:1 | Reached skill level 19 in Fighting
 49673 | Vaults:1 | Received a gift from Trog
 50704 | Vaults:1 | Received a gift from Trog
 50947 | Vaults:2 | Reached skill level 20 in Fighting
 51140 | Vaults:1 | Reached XP level 21. HP: 112/146 MP: 9/34
 51490 | Vaults:2 | Identified Nuboir's Disquisition on the Escort (You found it on level 2 of the Vaults)
 51630 | Vaults:2 | Received a gift from Trog
 51943 | Vaults:2 | Identified the Compendium of Harmful Contamination (You found it on level 2 of the Vaults)
 52203 | Vaults:2 | Found a staircase to the Crypt.
 52528 | Vaults:2 | Received a gift from Trog
 52668 | Vaults:2 | Reached skill level 21 in Fighting
 52809 | Vaults:2 | Identified the Tome of Cold (You found it on level 2 of the Vaults)
 53614 | Vaults:3 | Noticed Margery
 53647 | Vaults:3 | Killed Margery
 53758 | Vaults:3 | Reached skill level 15 in Dodging
 53764 | Vaults:3 | Received a gift from Trog
 54046 | Vaults:3 | Reached skill level 15 in Armour
 54391 | Vaults:3 | Noticed Norris
 54404 | Vaults:3 | Killed Norris
 55068 | Vaults:4 | Reached XP level 22. HP: 146/155 MP: 11/35
 55450 | Vaults:4 | Received a gift from Trog
 55518 | Vaults:4 | Received a gift from Trog
 55869 | Vaults:4 | Found Pobeab's Magic Scroll Emporium.
 55872 | Vaults:4 | Bought a scroll of magic mapping for 45 gold pieces
 55872 | Vaults:4 | Bought a scroll of enchant armour for 97 gold pieces
 55872 | Vaults:4 | Bought a scroll of acquirement for 676 gold pieces
 55872 | Vaults:4 | Bought a scroll of blinking for 97 gold pieces
 57975 | Depths:1 | Entered Level 1 of the Depths
 57985 | Depths:1 | Found a sparkling altar of Nemelex Xobeh.
 57993 | Depths:1 | Received a gift from Trog
 58279 | Depths:1 | Found a one-way gate leading to the halls of Pandemonium.
 58314 | Depths:1 | Found a gateway to a ziggurat.
 58603 | Depths:1 | Reached skill level 1 in Throwing
 58618 | Depths:1 | Received a gift from Trog
 58929 | Depths:1 | Found a glowing silver altar of Zin.
 58929 | Depths:1 | Found a glowing golden altar of the Shining One.
 58929 | Depths:1 | Found a white marble altar of Elyvilon.
 58942 | Depths:1 | Reached skill level 5 in Throwing
 59760 | Depths:1 | Found a gateway to Hell.
 59909 | Depths:1 | Reached XP level 23. HP: 143/160 MP: 10/36
 60067 | Depths:2 | Received a gift from Trog
 60515 | Depths:1 | Reached skill level 10 in Throwing
 61173 | Depths:2 | HP: 5/160 [ice dragon (4)]
 61174 | Depths:2 | Killed from afar by a deep elf sorcerer

Action                   |  1- 3 |  4- 6 |  7- 9 | 10-12 | 13-15 | 16-18 | 19-21 | 22-24 || total
-------------------------+-------+-------+-------+-------+-------+-------+-------+-------++-------
Melee: Mace              |    87 |    94 |       |       |       |       |       |       ||   181
       Flail             |       |       |   239 |   182 |       |       |       |       ||   421
       Whip              |       |       |    48 |   275 |       |       |       |       ||   323
       Great mace        |       |       |       |   244 |   331 |       |       |       ||   575
       Dire flail        |       |       |       |       |   363 |       |       |       ||   363
       Eveningstar       |       |       |       |       |   476 |  2224 |   259 |       ||  2959
       Demon whip        |       |       |       |       |       |    27 |  2415 |  1354 ||  3796
 Fire: Blowgun           |       |       |    10 |     3 |    11 |     9 |     4 |     4 ||    41
Throw: Throwing net      |       |       |       |     1 |       |     1 |       |       ||     2
       Javelin           |       |       |       |       |     3 |     8 |       |     3 ||    14
Invok: Berserk           |     2 |     4 |     5 |    10 |     6 |     2 |     5 |       ||    34
       Trog's Hand       |       |       |       |     5 |     4 |     7 |    24 |    14 ||    54
       Burn Spellbooks   |       |       |       |     1 |     1 |     1 |       |     1 ||     4
       Brothers in Arms  |       |       |       |     2 |     1 |     2 |     4 |     1 ||    10
 Abil: Fly               |       |       |       |       |     3 |     1 |       |       ||     4
Evoke: Wand              |       |       |     2 |    11 |     8 |    10 |     9 |       ||    40
  Use: Scroll            |       |       |    15 |    17 |     9 |    12 |     4 |     4 ||    61
       Potion            |       |       |       |       |     4 |     3 |     6 |       ||    13
 Stab: Invisible         |       |       |       |       |     2 |       |     7 |       ||     9
       Sleeping          |       |       |       |       |     3 |    12 |       |     4 ||    19
       Confused          |       |       |       |       |     3 |       |       |       ||     3
       Distracted        |       |       |       |       |       |     3 |     2 |     2 ||     7
       Petrifying        |       |       |       |       |       |       |       |     1 ||     1
  Eat: Chunk             |     4 |     7 |     8 |    28 |    24 |    30 |    29 |    20 ||   150
       Pizza             |       |     1 |     1 |       |     2 |       |     1 |       ||     5
       Bread ration      |       |       |     2 |       |       |     3 |     2 |       ||     7
       Beef jerky        |       |       |       |     8 |     4 |     2 |     1 |     1 ||    16
       Fruit             |       |       |       |     1 |     8 |     3 |     7 |       ||    19
       Royal jelly       |       |       |       |       |     1 |       |       |     1 ||     2
       Meat ration       |       |       |       |       |       |       |     1 |       ||     1

Action                   |  1- 3 |  4- 6 |  7- 9 | 10-12 | 13-15 | 16-18 | 19-21 | 22-24 || total
-------------------------+-------+-------+-------+-------+-------+-------+-------+-------++-------
Melee: Mace              |    87 |    94 |       |       |       |       |       |       ||   181
       Flail             |       |       |   239 |   182 |       |       |       |       ||   421
       Whip              |       |       |    48 |   275 |       |       |       |       ||   323
       Great mace        |       |       |       |   244 |   331 |       |       |       ||   575
       Dire flail        |       |       |       |       |   363 |       |       |       ||   363
       Eveningstar       |       |       |       |       |   476 |  2224 |   259 |       ||  2959
       Demon whip        |       |       |       |       |       |    27 |  2415 |  1354 ||  3796
 Fire: Blowgun           |       |       |    10 |     3 |    11 |     9 |     4 |     4 ||    41
Throw: Throwing net      |       |       |       |     1 |       |     1 |       |       ||     2
       Javelin           |       |       |       |       |     3 |     8 |       |     3 ||    14
Invok: Berserk           |     2 |     4 |     5 |    10 |     6 |     2 |     5 |       ||    34
       Trog's Hand       |       |       |       |     5 |     4 |     7 |    24 |    14 ||    54
       Burn Spellbooks   |       |       |       |     1 |     1 |     1 |       |     1 ||     4
       Brothers in Arms  |       |       |       |     2 |     1 |     2 |     4 |     1 ||    10
 Abil: Fly               |       |       |       |       |     3 |     1 |       |       ||     4
Evoke: Wand              |       |       |     2 |    11 |     8 |    10 |     9 |       ||    40
  Use: Scroll            |       |       |    15 |    17 |     9 |    12 |     4 |     4 ||    61
       Potion            |       |       |       |       |     4 |     3 |     6 |       ||    13
 Stab: Invisible         |       |       |       |       |     2 |       |     7 |       ||     9
       Sleeping          |       |       |       |       |     3 |    12 |       |     4 ||    19
       Confused          |       |       |       |       |     3 |       |       |       ||     3
       Distracted        |       |       |       |       |       |     3 |     2 |     2 ||     7
       Petrifying        |       |       |       |       |       |       |       |     1 ||     1
  Eat: Chunk             |     4 |     7 |     8 |    28 |    24 |    30 |    29 |    20 ||   150
       Pizza             |       |     1 |     1 |       |     2 |       |     1 |       ||     5
       Bread ration      |       |       |     2 |       |       |     3 |     2 |       ||     7
       Beef jerky        |       |       |       |     8 |     4 |     2 |     1 |     1 ||    16
       Fruit             |       |       |       |     1 |     8 |     3 |     7 |       ||    19
       Royal jelly       |       |       |       |       |     1 |       |       |     1 ||     2
       Meat ration       |       |       |       |       |       |       |     1 |       ||     1

Action                   |  1- 3 |  4- 6 |  7- 9 | 10-12 | 13-15 | 16-18 | 19-21 | 22-24 || total
-------------------------+-------+-------+-------+-------+-------+-------+-------+-------++-------
Melee: Mace              |    87 |    94 |       |       |       |       |       |       ||   181
       Flail             |       |       |   239 |   182 |       |       |       |       ||   421
       Whip              |       |       |    48 |   275 |       |       |       |       ||   323
       Great mace        |       |       |       |   244 |   331 |       |       |       ||   575
       Dire flail        |       |       |       |       |   363 |       |       |       ||   363
       Eveningstar       |       |       |       |       |   476 |  2224 |   259 |       ||  2959
       Demon whip        |       |       |       |       |       |    27 |  2415 |  1354 ||  3796
 Fire: Blowgun           |       |       |    10 |     3 |    11 |     9 |     4 |     4 ||    41
Throw: Throwing net      |       |       |       |     1 |       |     1 |       |       ||     2
       Javelin           |       |       |       |       |     3 |     8 |       |     3 ||    14
Invok: Berserk           |     2 |     4 |     5 |    10 |     6 |     2 |     5 |       ||    34
       Trog's Hand       |       |       |       |     5 |     4 |     7 |    24 |    14 ||    54
       Burn Spellbooks   |       |       |       |     1 |     1 |     1 |       |     1 ||     4
       Brothers in Arms  |       |       |       |     2 |     1 |     2 |     4 |     1 ||    10
 Abil: Fly               |       |       |       |       |     3 |     1 |       |       ||     4
Evoke: Wand              |       |       |     2 |    11 |     8 |    10 |     9 |       ||    40
  Use: Scroll            |       |       |    15 |    17 |     9 |    12 |     4 |     4 ||    61
       Potion            |       |       |       |       |     4 |     3 |     6 |       ||    13
 Stab: Invisible         |       |       |       |       |     2 |       |     7 |       ||     9
       Sleeping          |       |       |       |       |     3 |    12 |       |     4 ||    19
       Confused          |       |       |       |       |     3 |       |       |       ||     3
       Distracted        |       |       |       |       |       |     3 |     2 |     2 ||     7
       Petrifying        |       |       |       |       |       |       |       |     1 ||     1
  Eat: Chunk             |     4 |     7 |     8 |    28 |    24 |    30 |    29 |    20 ||   150
       Pizza             |       |     1 |     1 |       |     2 |       |     1 |       ||     5
       Bread ration      |       |       |     2 |       |       |     3 |     2 |       ||     7
       Beef jerky        |       |       |       |     8 |     4 |     2 |     1 |     1 ||    16
       Fruit             |       |       |       |     1 |     8 |     3 |     7 |       ||    19
       Royal jelly       |       |       |       |       |     1 |       |       |     1 ||     2
       Meat ration       |       |       |       |       |       |       |     1 |       ||     1
